 Dungeon Crawl Stone Soup version 0.26-a0-84-g8c18429211 (webtiles) character file.

Game seed: 1901794196114713014

664147 Ijustatesigmund the Conqueror (level 27, -7/199 HPs)
             Began as a Gargoyle Fighter on June 12, 2020.
             Was the Champion of Cheibriados.
             Mangled by an Orb Guardian (38 damage)
             ... on level 5 of the Realm of Zot on June 17, 2020.
             The game lasted 03:14:37 (57631 turns).

Ijustatesigmund the Conqueror (Gargoyle Fighter)   Turns: 57631, Time: 03:14:37

Health: -7/199     AC: 50    Str: 46    XL:     27
Magic:  37/37      EV: 24    Int: 24    God:    Cheibriados [******]
Gold:   3411       SH: 33    Dex: 38    Spells: 22/26 levels left

rFire    + + +     SeeInvis +   R - +6 eveningstar (freeze)
rCold    + . .     Gourm    .   c - +5 tower shield {reflect}
rNeg     + . .     Faith    .   b - +6 fire dragon scales
rPois    ∞         Spirit   .   i - +2 helmet {SInv}
rElec    +         Reflect  +   d - +0 cloak "Yschepn" {rC+ MP+9 Slay+3}
rCorr    +         Harm     .   L - +1 pair of gloves
MR       +++..     Rnd*Tele +   E - +1 pair of boots of Hahius {Str+4 Dex+2}
Stlth    +++++.....             B - amulet of regeneration
HPRegen  0.83/turn              p - ring "Dah Zober" {Fire rPois Str+4}
MPRegen  0.25/turn              T - ring of Emahi {Ice MR+ MP-9 Dex+4 Slay+2}

@: resistant, flying, very slow
A: big wings, dopey 1, negative energy resistance 1, screaming 1, electricity
resistance, teleportitis 1, unbreathing, petrification resistance, rot immunity,
sturdy frame 1, AC +20
}: 3/15 runes: decaying, silver, gossamer
a: Stop Flying, Bend Time, Temporal Distortion, Slouch, Step From Time, Renounce
Religion


You were on level 5 of the Realm of Zot.
You worshipped Cheibriados.
Cheibriados was exalted by your worship.
You were completely stuffed.

You visited 9 branches of the dungeon, and saw 49 of its levels.
You visited the Abyss 2 times.
You visited 1 ziggurat, and saw 12 of its levels.
You also visited: Sewer, Bailey, Gauntlet, Volcano and Wizlab.

You collected 8030 gold pieces.
You spent 4619 gold pieces at shops.

Inventory:

Hand Weapons
 a - a +9 morningstar of protection
 R - a +6 eveningstar of freezing (weapon)
Missiles
 J - 28 silver javelins (quivered)
Armour
 b - +6 fire dragon scales (worn)
 c - a +5 tower shield of reflection (worn)
 d - the +0 cloak "Yschepn" (worn) {rC+ MP+9 Slay+3}
   (You found it in a Gauntlet)

   It affects your accuracy and damage with ranged weapons and melee attacks
   (+3).
   It protects you from cold.
   It affects your magic capacity (+9).
 i - a +2 helmet of see invisible (worn)
 E - the +1 pair of boots of Hahius (worn) {Str+4 Dex+2}
   (You bought it in a shop on level 2 of the Orcish Mines)

   It affects your strength (+4).
   It affects your dexterity (+2).
 F - the +8 faerie dragon scales {+Blink MR- rCorr Str+5 Clar}
   (You took it off the Enchantress on level 4 of the Depths)

   It affects your strength (+5).
   It affects your resistance to hostile enchantments.
   It lets you blink.
   It protects you against confusion.
   It provides partial protection from all sources of acid and corrosion.
 L - a +1 pair of gloves (worn)
Jewellery
 p - the ring "Dah Zober" (left hand) {Fire rPois Str+4}
   (You found it on level 2 of a ziggurat)

   [ring of fire]

   It enhances your fire magic.
   It affects your strength (+4).
   It protects you from fire.
   It makes you vulnerable to cold.
   It protects you from poison.
 r - the ring "Ummahumo" {+Inv rC+ Str+4}
   (You found it on level 5 of the Realm of Zot)

   [ring of protection from cold]

   It affects your strength (+4).
   It protects you from cold.
   It lets you turn invisible.
 B - an amulet of regeneration (around neck)
 D - the ring of the City {rPois SInv}
   (You found it on level 5 of the Vaults)

   [ring of see invisible]

   It protects you from poison.
   It lets you see invisible.
 H - the ring "Jaazueze" {rC+ Str+6}
   (You acquired it on level 14 of the Dungeon)

   [ring of strength]

   It affects your strength (+6).
   It protects you from cold.
 I - the ring "Tyeckon" {+Blink rC+ MP+9 Dex+4 Stlth+}
   (You acquired it on level 2 of the Elven Halls)

   [ring of stealth]

   It affects your dexterity (+4).
   It protects you from cold.
   It affects your magic capacity (+9).
   It lets you blink.
   It makes you more stealthy.
 O - an uncursed ring of resist corrosion
 T - the ring of Emahi (right hand) {Ice MR+ MP-9 Dex+4 Slay+2}
   (You found it on level 1 of the Lair of Beasts)

   [ring of ice]

   It enhances your ice magic.
   It affects your dexterity (+4).
   It affects your accuracy and damage with ranged weapons and melee attacks
   (+2).
   It makes you vulnerable to fire.
   It protects you from cold.
   It affects your resistance to hostile enchantments.
   It affects your magic capacity (-9).
 W - the ring of the Queen {+Fly rPois rC++ Int-3 Dex+3}
   (You took it off a deep elf high priest on level 3 of the Depths)

   [ring of flight]

   It affects your intelligence (-3).
   It affects your dexterity (+3).
   It greatly protects you from cold.
   It protects you from poison.
   It lets you fly.
Wands
 G - a wand of clouds (6)
 U - a wand of digging (11)
 V - a wand of enslavement (3)
 Z - a wand of acid (10)
Scrolls
 h - 17 scrolls of fear
 j - 10 scrolls of identify
 k - 15 scrolls of teleportation
 l - 35 scrolls of remove curse
 m - 4 scrolls of immolation
 q - 2 scrolls of torment
 v - 12 scrolls of fog
 w - 4 scrolls of blinking
 x - 3 scrolls of holy word
 y - 3 scrolls of magic mapping
 A - 4 scrolls of summoning
 N - 2 scrolls of silence
 Q - 2 scrolls of amnesia
Potions
 e - 4 potions of cancellation
 g - 15 potions of curing
 n - 12 potions of brilliance
 o - 9 potions of mutation
 s - 5 potions of ambrosia
 t - 2 potions of invisibility
 u - 8 potions of stabbing
 z - 3 potions of magic
 C - 3 potions of might
 K - 9 potions of heal wounds
Miscellaneous
 M - 4 phantom mirrors
Comestibles
 f - 82 rations


   Skills:
 O Level 27 Fighting
 - Level 23.2 Maces & Flails
 - Level 10.3 Throwing
 - Level 14.1 Armour
 - Level 11.5 Dodging
 - Level 10.1 Stealth
 - Level 17.1 Shields
 + Level 5.6 Unarmed Combat
 - Level 12.0 Translocations
 + Level 21.9 Invocations
 - Level 5.1 Evocations


You had 22 spell levels left.
You knew the following spells:

 Your Spells              Type           Power        Failure   Level  Hunger
a - Apportation           Tloc           ######       1%          1    ##.....
b - Lesser Beckoning      Tloc           ######....   1%          3    ####...

Your spell library contained the following spells:

 Spells                   Type           Power        Failure   Level  Hunger
 Blink                    Tloc           N/A          1%          2    ###....
 Gell's Gravitas          Tloc           ######....   1%          3    ####...
 Teleport Other           Tloc           ######..     1%          3    ####...
 Passage of Golubria      Tloc           N/A          3%          4    #####..
 Shroud of Golubria       Chrm/Tloc      ####..       7%          2    ###....
 Portal Projectile        Hex/Tloc       ####..       14%         3    ####...
 Recall                   Summ/Tloc      N/A          14%         3    ####...
 Beastly Appendage        Tmut           #.....       47%         1    ##.....
 Corona                   Hex            #......      47%         1    ##.....
 Foxfire                  Conj/Fire      #...         47%         1    ##.....
 Freeze                   Ice            #...         47%         1    ##.....
 Sandblast                Erth           #.....       47%         1    ##.....
 Shock                    Conj/Air       #...         47%         1    ##.....
 Sting                    Tmut/Pois      #...         47%         1    ##.....
 Summon Butterflies       Summ           #.......     47%         1    ##.....
 Dispersal                Tloc           ######....   52%         6    #######
 Corpse Rot               Necr/Air       N/A          63%         2    ###....
 Ensorcelled Hibernation  Hex/Ice        #.....       63%         2    ###....
 Passwall                 Tmut/Erth      #.......     63%         2    ###....
 Poisonous Vapours        Pois/Air       #.....       63%         2    ###....
 Slow                     Hex            #.......     63%         2    ###....
 Sticks to Snakes         Tmut           #.......     63%         2    ###....
 Swiftness                Chrm/Air       #.......     63%         2    ###....
 Summon Forest            Summ/Tloc      ####......   77%         5    ######.
 Confusing Touch          Hex            #.......     85%         3    ####...
 Conjure Flame            Conj/Fire      #.......     85%         3    ####...
 Frozen Ramparts          Ice            #.....       85%         3    ####...
 Ignite Poison            Fire/Tmut/Pois #.......     85%         3    ####...
 Inner Flame              Hex/Fire       #.......     85%         3    ####...
 Mephitic Cloud           Conj/Pois/Air  #.......     85%         3    ####...
 Ozocubu's Armour         Chrm/Ice       #.......     85%         3    ####...
 Spider Form              Tmut/Pois      #.........   85%         3    ####...
 Static Discharge         Conj/Air       #.......     85%         3    ####...
 Stone Arrow              Conj/Erth      #.....       85%         3    ####...
 Tukima's Dance           Hex            #.......     85%         3    ####...
 Airstrike                Air            #.........   99%         4    #####..
 Cause Fear               Hex            #.........   99%         4    #####..
 Dispel Undead            Necr           #.......     99%         4    #####..
 Hailstorm                Conj/Ice       #.......     99%         4    #####..
 Ice Form                 Ice/Tmut       #.......     99%         4    #####..
 Leda's Liquefaction      Hex/Erth       #.........   99%         4    #####..
 Olgreb's Toxic Radiance  Pois           #.......     99%         4    #####..
 Petrify                  Tmut/Erth      #.......     99%         4    #####..
 Sticky Flame             Conj/Fire      #.......     99%         4    #####..
 Summon Ice Beast         Ice/Summ       #.......     99%         4    #####..
 Summon Lightning Spire   Summ/Air       #.......     99%         4    #####..
 Agony                    Necr           #.......     100%        5    ######.
 Alistair's Intoxication  Tmut/Pois      #.......     100%        5    ######.
 Aura of Abjuration       Summ           #.........   100%        5    ######.
 Blade Hands              Tmut           #.........   100%        5    ######.
 Bolt of Magma            Conj/Fire/Erth #.........   100%        5    ######.
 Borgnjor's Vile Clutch   Necr/Erth      #.........   100%        5    ######.
 Excruciating Wounds      Chrm/Necr      #.........   100%        5    ######.
 Fireball                 Conj/Fire      #.........   100%        5    ######.
 Irradiate                Conj/Tmut      #.........   100%        5    ######.
 Iskenderun's Battlesphe  Conj/Chrm      #.......     100%        5    ######.
 Lee's Rapid Deconstruct  Erth           #.........   100%        5    ######.
 Lightning Bolt           Conj/Air       #.........   100%        5    ######.
 Metabolic Englaciation   Hex/Ice        #.........   100%        5    ######.
 Silence                  Hex/Air        #.........   100%        5    ######.
 Yara's Violent Unravell  Hex/Tmut       #.........   100%        5    ######.
 Conjure Ball Lightning   Conj/Air       #.........   100%        6    #######
 Darkness                 Hex            #.........   100%        6    #######
 Eringya's Noxious Bog    Tmut/Pois      #.........   100%        6    #######
 Hydra Form               Tmut           #.........   100%        6    #######
 Invisibility             Hex            #.......     100%        6    #######
 Iron Shot                Conj/Erth      #.........   100%        6    #######
 Ozocubu's Refrigeration  Ice            #.........   100%        6    #######
 Shadow Creatures         Summ           N/A          100%        6    #######
 Simulacrum               Ice/Necr       #.........   100%        6    #######
 Starburst                Conj/Fire      #.........   100%        6    #######
 Dragon Form              Tmut           #.........   100%        7    #######
 Haunt                    Necr/Summ      #.........   100%        7    #######
 Malign Gateway           Summ/Tloc      ####......   100%        7    #######
 Monstrous Menagerie      Summ           #.........   100%        7    #######
 Orb of Destruction       Conj           #.........   100%        7    #######
 Ring of Flames           Chrm/Fire      #.........   100%        7    #######
 Spellforged Servitor     Conj/Summ      #.........   100%        7    #######
 Summon Greater Demon     Summ           #.........   100%        7    #######
 Borgnjor's Revivificati  Necr           #.........   100%        8    #######
 Chain Lightning          Conj/Air       #.........   100%        8    #######
 Controlled Blink         Tloc           N/A          100%        8    #######
 Death's Door             Chrm/Necr      #.........   100%        8    #######
 Discord                  Hex            #.........   100%        8    #######
 Disjunction              Tloc           ######....   100%        8    #######
 Ignition                 Fire           #.........   100%        8    #######
 Infestation              Necr           #.........   100%        8    #######
 Lehudib's Crystal Spear  Conj/Erth      #.........   100%        8    #######
 Necromutation            Tmut/Necr      #.........   100%        8    #######
 Summon Horrible Things   Summ           #.........   100%        8    #######
 Absolute Zero            Ice            #.........   100%        9    #######
 Fire Storm               Conj/Fire      #.........   100%        9    #######
 Shatter                  Erth           #.........   100%        9    #######
 Tornado                  Air            #.........   100%        9    #######
 Sublimation of Blood     Necr           Unusable     N/A         2    N/A
 Statue Form              Tmut/Erth      Unusable     N/A         6    N/A

Dungeon Overview and Level Annotations

Branches:
Dungeon (15/15)            Temple (0/1) D:7            Lair (6/6) D:10
  Swamp (4/4) Lair:3       Spider (4/4) Lair:3        Slime (0/5) Lair:6
    Orc (2/2) D:9             Elf (3/3) Orc:2        Vaults (5/5) D:13
  Crypt (0/3) Vaults:3     Depths (5/5) D:15            Zot (5/5) Depths:5
  Sewer (visited)          Bailey (visited)         Volcano (visited)
 WizLab (visited)         Gauntlet (visited)

Altars:
Ashenzari
Cheibriados
Dithmenos
Fedhas
Gozag
Makhleb
Nemelex Xobeh
Okawaru
Qazlal
Sif Muna
Uskayaw
Xom
Yredelemnul
Beogh

Shops:
D:6 =*?   D:7 **?   D:8 }   D:9 !   Orc:2 [=(?*[   Elf:1 [   Elf:2 ?
Vaults:1 [   Vaults:2 (   Vaults:3 =   Vaults:5 *   Depths:1 *   Depths:4 :

Portals:
Hell: Depths:1 Depths:2 Depths:3 Depths:4 Depths:5
Abyss: Depths:4 Depths:5
Pandemonium: Depths:3


Innate Abilities, Weirdness & Mutations

You are resistant to torment.
Your stone body is resilient. (AC +20)
You are immune to poison.
Your large and strong wings let you fly indefinitely.
You resist negative energy. (rN+)
You are resistant to electric shocks. (rElec)
You can survive without breathing.
You are immune to petrification.
You are immune to rotting.
You are dopey. (Int -2)
You occasionally shout uncontrollably at your foes.
You are occasionally teleported next to monsters.
Your movements are slightly less encumbered by armour. (ER -2)


Message History

* * * LOW HITPOINT WARNING * * *
The ancient lich completely misses you.
The ancient lich casts a spell.
The storm dragon bites you!
* * * LOW HITPOINT WARNING * * *
You block the storm dragon's attack. The storm dragon closely misses you.
You feel much better. You block the Orb Guardian's attack.
The Orb Guardian hits you!!
* * * LOW HITPOINT WARNING * * *
The storm dragon bites you!
* * * LOW HITPOINT WARNING * * *
The storm dragon completely misses you. You block the storm dragon's attack.
You block the Orb Guardian's attack. The Orb Guardian hits you!
* * * LOW HITPOINT WARNING * * *
You block the wandering mushroom's attack.
The ancient lich points at you and mumbles some strange words.
The bolt of cold misses you.
You feel much better. You block the Orb Guardian's attack.
The Orb Guardian hits you!!!
You die...

,,,,*,,,,,,,,,,,,,^,,,,,,,,**
,,,**,,,,,,,,,,,,,,,,,^,,,,,**
,^***,,,^,,,,,,,,,,,,,,^,,,,,*
*** *,,,,,,,,,,,,,,,,,,,,,,,,*
**,,,,,,,,,,,^,,,,,,,,,,**
***,,,,,,,^,,,,,,,,,,,**
****,,,,,,,,f,,,.,,**
#▓▓▓▓▓▓▓▓▓▓▓##L...,**
###..^....ff@Xzf82.(,,**
##....##..^fXDLLy.(..,,,**
####...###....f.Xff.....,,,,**
......###.......^.......,,,,,*
.....## #.^.....^.......,,^,,*
.....# #...............,,,,,*
....## #..............^,,,,,*
....# #...............,,,,,*
....## *,,,,,,,,,,,,,,^,^,,,*


You could see an electric golem, 3 ancient liches, a storm dragon (berserk), a
curse toe, 3 Orb Guardians, a shadow demon (summoned), a deathcap (summoned), a
moth of wrath and 6 wandering mushrooms.

Vanquished Creatures
  2 orbs of fire
  An ancient lich (Vaults:5)
  5 juggernauts
  Bai Suzhen (Spider:4)
  Boris (twice) (Vaults:4 Depths:4)
  Saint Roka (Orc:1)
  The ghost of Icvuix the Bewitcher, a master KoEn of Dithmenos (Depths:3)
  A caustic shrike (Depths:3)
  3 curse toes
  12 golden dragons
  A profane servitor (Zig:6)
  the Enchantress (Depths:4)
  Arachne (Spider:1)
  2 electric golems
  4 liches
  Rupert (Spider:1)
  21 tentacled monstrosities
  Jorgrun (Swamp:2)
  2 quicksilver dragons
  7 Orb Guardians (Zot:5)
  Asterion (Spider:1)
  3 deep elf blademasters
  5 titans
  A quicksilver dragon (shapeshifter) (Depths:2)
  3 deep elf master archers
  2 tentacled starspawn (Abyss:3)
  10 sphinxes
  7 death cobs
  Gastronok (Lair:2)
  7 tengu reavers
  An ancient champion (Zig:6)
  A sphinx (shapeshifter) (Vaults:5)
  5 draconian monks
  12 shadow dragons
  Kirke (Spider:4)
  4 thorn hunters
  21 storm dragons
  Donald (Orc:2)
  8 fire giants
  11 frost giants
  2 orc warlords
  25 vault wardens
  6 deep elf sorcerers
  9 ghost moths
  4 draconian knights
  The ghost of Ifonepuh the Thaumaturge, an adept GrCj of Gozag (Spider:3)
  A curse skull (Zig:1)
  Aizul (Spider:2)
  5 draconian scorchers
  7 emperor scorpions
  6 deep elf elementalists
  8 draconian shifters
  A balrug (Zig:12)
  8 draconian stormcallers
  5 draconian annihilators
  A war gargoyle (Vaults:5)
  15 very ugly things
  29 stone giants
  5 vampire knights
  4 spriggan defenders (Depths:4)
  8 green draconians
  10 deep elf demonologists
  9 entropy weavers
  A ghoul (Vaults:2)
  19 ironheart preservers
  12 black draconians
  Nessos (Orc:2)
  6 white draconians
  A minotaur (Gauntlet)
  7 deep elf annihilators
  8 red draconians
  A spark wasp (shapeshifter) (Zig:7)
  8 purple draconians
  15 yellow draconians
  2 spark wasps
  11 ettins
  10 deep elf death magi
  Snorg (Orc:1)
  The ghost of Lidevat the Fighter, a journeyman GnWn of Okawaru (Lair:1)
  A death ooze (Gauntlet)
  2 eidola
  A crystal guardian (Vaults:4)
  4 fire dragons
  A merfolk javelineer (Zig:8)
  8 deep elf high priests
  The ghost of Sickboy the Carver, a journeyman MiFi of Makhleb (Lair:1)
  42 vault guards
  27 yaktaur captains
  Fannar (Lair:1)
  2 jiangshi (Depths:2)
  12 great orbs of eyes
  3 rakshasas
  A great orb of eyes (shapeshifter) (Vaults:5)
  The ghost of Keong the Spear-Bearer, a journeyman MfGl of Okawaru (Lair:1)
  5 spriggan air magi
  3 ghost crabs
  7 centaur warriors
  14 ice dragons
  A hell beast (Depths:1)
  17 hydras
  2 death knights
  A catoblepas (D:15)
  9 shambling mangroves
  4 death yaks (Lair:3)
  4 satyrs (Zig:8)
  28 dancing weapons
  7 alligators
  15 ogre magi
  A deep troll earth mage (Depths:1)
  49 two-headed ogres
  A queen ant (shapeshifter) (D:14)
  Urug (Lair:2)
  3 deep troll shamans (Depths:4)
  8 tengu warriors
  The ghost of Zequfot the Thaumaturge, a journeyman DESu of Sif Muna (Lair:1)
  The ghost of Zequfot the Thaumaturge, a journeyman DESu of Sif Muna (Lair:1)
  13 thrashing horrors
  5 vampire magi
  A hell hog (Gauntlet)
  4 spriggan berserkers
  Sonja (Lair:2)
  2 orc high priests
  A naga sharpshooter (Zig:8)
  2 soul eaters
  24 deep elf knights
  A sun demon (Depths:1)
  4 hell knights
  2 iron trolls
  A death drake (Abyss:3)
  7 skeletal warriors
  A sixfirhy (WizLab)
  3 shadow wraiths
  2 glowing orange brains
  2 shadow demons
  19 deep trolls
  3 spriggan druids
  7 flayed ghosts
  A death drake (shapeshifter) (Vaults:4)
  5 unseen horrors
  7 wizards
  A torturous demonspawn (Zig:12)
  10 swamp dragons
  2 obsidian statues
  2 spectral hydras (Swamp:4)
  16 deep elf archers
  9 phantasmal warriors
  3 harpies (Vaults:1)
  10 ironbrand convokers
  An orb spider (shapeshifter) (Vaults:1)
  44 wolf spiders
  69 deep elf magi
  18 orc knights
  A cyclops (shapeshifter) (Zig:7)
  13 orc sorcerers
  8 necromancers
  17 orb spiders
  3 worldbinders
  2 fauns (Zig:8)
  53 ugly things
  A faun (shapeshifter) (Vaults:4)
  10 cyclopes
  A frost giant zombie (Vaults:2)
  5 manticores
  22 moths of wrath
  7 elephants
  Maurice (D:11)
  A naga mage (D:15)
  A black mamba (shapeshifter) (D:15)
  2 guardian serpents
  21 vault sentinels
  A gargoyle (D:10)
  2 centaur zombies (D:15)
  A spiny frog (shapeshifter) (Zig:2)
  9 black mambas
  An apocalypse crab (Abyss:5)
  A rust devil (Depths:1)
  A water nymph (shapeshifter) (Vaults:5)
  3 large abominations (Abyss:3)
  2 torpor snails
  3 smoke demons
  A rime drake (Lair:6)
  16 spiny frogs
  2 kobold demonologists
  A hellwing (WizLab)
  A yaktaur (shapeshifter) (Gauntlet)
  A demonspawn skeleton (WizLab)
  A komodo dragon (shapeshifter) (Vaults:5)
  4 komodo dragons
  18 demonic crawlers
  2 hellions
  An efreet (D:14)
  8 freezing wraiths
  A tormentor (Abyss:5)
  72 yaktaurs
  A yaktaur skeleton (Vaults:2)
  28 jumping spiders
  8 trolls
  A tengu conjurer (Depths:4)
  2 ancient zymes
  2 polar bears
  3 hydra zombies (Swamp:4)
  A queen bee (shapeshifter) (Abyss:5)
  2 queen bees
  46 slime creatures
  4 bog bodies
  34 hornets
  9 tyrant leeches
  A raiju (shapeshifter) (Depths:3)
  17 blink frogs
  2 hippogriffs (shapeshifter)
  A hornet (shapeshifter) (Vaults:3)
  2 death drake skeletons (Swamp:4)
  4 dream sheep (Lair:6)
  9 hippogriffs
  3 raiju
  6 air elementals
  2 tarantellas (shapeshifter)
  105 redbacks
  7 spriggans
  6 shadows
  A yak (shapeshifter) (Depths:3)
  Sigmund (D:4)
  4 water elementals
  2 wraiths
  A hog (shapeshifter) (D:12)
  58 yaks
  39 tarantellas
  12 wyverns
  2 fire elementals
  2 basilisks (shapeshifter)
  17 humans (D:13)
  8 hungry ghosts
  36 vampire mosquitoes
  5 basilisks
  5 fire bats
  A hog (Spider:4)
  6 insubstantial wisps
  4 spatial vortices (WizLab)
  A steam dragon (D:14)
  A human simulacrum (Vaults:2)
  A soldier ant (D:12)
  17 swamp worms
  9 wargs
  A soldier ant (shapeshifter) (Depths:1)
  4 hydra simulacra (Swamp:4)
  An acid dragon (shapeshifter) (Abyss:3)
  21 water moccasins
  4 floating eyes
  A floating eye (shapeshifter) (D:15)
  8 porcupines
  Duvessa (D:4)
  3 hell hounds
  63 orc warriors
  4 sky beasts
  6 swamp drakes
  2 black bears
  A monstrous demonspawn skeleton (WizLab)
  7 phantoms
  A hornet zombie (D:6)
  A black bear (shapeshifter) (Abyss:5)
  A spriggan simulacrum (Depths:1)
  2 ice beasts (D:8)
  46 ogres
  24 centaurs
  10 boggarts
  9 necrophages
  10 wolves
  4 swamp dragon zombies (Swamp:4)
  A human skeleton (Vaults:2)
  2 swamp dragon skeletons (Swamp:4)
  10 crocodiles
  3 big kobolds
  A bullfrog (shapeshifter) (D:12)
  A human zombie (Vaults:2)
  13 bullfrogs
  A water moccasin zombie (D:11)
  Dowan (D:4)
  A wyvern zombie (D:8)
  8 earth elementals
  A water moccasin skeleton (D:8)
  2 wyvern skeletons (D:14)
  7 small abominations
  3 scorpions
  14 wights
  49 killer bees
  6 howler monkeys
  3 electric eels
  8 crimson imps
  3 bullfrog zombies
  8 hounds
  A lava snake (Lair:5)
  An iron imp (WizLab)
  4 jellies
  2 quasits
  Crazy Yiuf (D:7)
  40 orc priests
  2 bullfrog skeletons
  6 centaur skeletons
  An iguana (D:4)
  45 orc wizards
  15 worker ants
  A hound skeleton (D:5)
  A worker ant zombie (D:11)
  A howler monkey skeleton (D:8)
  12 adders
  6 shadow imps
  A white imp (Vaults:1)
  An ufetubus (Abyss:3)
  13 oozes
  2 adder zombies
  An adder skeleton (D:7)
  A worm (shapeshifter) (Vaults:5)
  6 worms
  15 leopard geckos
  114 orcs
  11 bats
  19 giant cockroaches
  9 goblins
  8 hobgoblins
  8 jackals
  7 quokkas
  15 ball pythons
  17 frilled lizards
  A jackal skeleton (D:4)
  12 kobolds
  12 rats
  A briar patch (Swamp:3)
  5 fire vortices (Zig:12)
  A starspawn tentacle (Abyss:3)
2702 creatures vanquished.

Vanquished Creatures (collateral kills)
  A purple draconian (Zig:10)
  An alligator (Swamp:4)
  3 oklob plants (Swamp:4)
5 creatures vanquished.

Vanquished Creatures (others)
  Margery (Depths:3)
  An eldritch tentacle (WizLab)
  An ironheart preserver (Vaults:2)
  A black sun (Zig:12)
  A black draconian (Zig:10)
  A swamp dragon (Swamp:4)
  A deep elf knight (Elf:1)
  A sixfirhy (Zig:12)
  A shadow wraith (Vaults:1)
  A mana viper (shapeshifter) (Depths:2)
  A blink frog (WizLab)
  2 humans (Spider:4)
  3 insubstantial wisps (Swamp:4)
  An orc warrior (Orc:2)
  A boggart (Depths:3)
  An iron imp (WizLab)
  2 orc wizards
  2 orcs
  16 fungi
  A lurking horror (WizLab)
  39 plants
  3 starspawn tentacles (Abyss:3)
82 creatures vanquished.

Grand Total: 2789 creatures vanquished

Notes
Turn   | Place    | Note
-------+----------+-------------------------------------------
     0 | D:1      | Ijustatesigmund the Gargoyle Fighter began the quest for
                  | the Orb.
     0 | D:1      | Reached XP level 1. HP: 14/14 MP: 1/1
   178 | D:1      | Reached XP level 2. HP: 18/19 MP: 2/2
   662 | D:1      | Reached XP level 3. HP: 24/24 MP: 3/3
   740 | D:2      | Found a sparkling altar of Nemelex Xobeh.
   884 | D:2      | Reached skill level 4 in Fighting
   884 | D:2      | Reached XP level 4. HP: 17/29 MP: 4/4
  1460 | D:3      | Found a shimmering altar of Xom.
  1566 | D:3      | Reached XP level 5. HP: 32/34 MP: 5/5
  2131 | D:3      | Found a glowing drain.
  2158 | Sewer    | Entered a sewer
  2228 | Sewer    | Gained mutation: You occasionally shout uncontrollably at
                  | your foes. [potion of mutation]
  2228 | Sewer    | Gained mutation: Your movements are slightly less
                  | encumbered by armour. (ER -2) [potion of mutation]
  2431 | Sewer    | Reached XP level 6. HP: 35/39 MP: 6/6
  2605 | Sewer    | Reached skill level 5 in Maces & Flails
  2636 | Sewer    | Reached skill level 5 in Fighting
  2878 | D:4      | Noticed Duvessa
  2881 | D:4      | Reached XP level 7. HP: 44/44 MP: 7/7
  2884 | D:4      | Killed Duvessa
  2884 | D:4      | Noticed Dowan
  2899 | D:4      | Killed Dowan
  2948 | D:4      | Reached skill level 5 in Armour
  3052 | D:4      | Found an opulent altar of Gozag.
  3161 | D:4      | Found a basalt altar of Yredelemnul.
  3195 | D:4      | Reached XP level 8. HP: 46/51 MP: 8/8
  3272 | D:4      | Reached skill level 6 in Fighting
  3361 | D:4      | Noticed Sigmund
  3392 | D:4      | Killed Sigmund
  3841 | D:5      | Entered Level 5 of the Dungeon
  4759 | D:5      | Found a sparkling altar of Nemelex Xobeh.
  4895 | D:5      | Noticed a two-headed ogre
  4908 | D:5      | Killed a two-headed ogre
  4908 | D:5      | Reached skill level 7 in Fighting
  4908 | D:5      | Reached XP level 9. HP: 38/57 MP: 9/9
  5266 | D:6      | Found Veugun's Assorted Antiques.
  5424 | D:6      | Bought a scroll labeled NUVYIVVUIS for 37 gold pieces
  5424 | D:6      | Bought a scroll labeled YNIAZ DORCH for 37 gold pieces
  5562 | D:6      | Found a snail-covered altar of Cheibriados.
  5584 | D:6      | Became a worshipper of Cheibriados the Contemplative
  5676 | D:6      | Found Yna Mirchu's Jewellery Boutique.
  5799 | D:6      | Found a shadowy altar of Dithmenos.
  5906 | D:6      | Reached skill level 8 in Fighting
  5906 | D:6      | Reached skill level 1 in Invocations
  6088 | D:6      | Found Sidil's Magic Scroll Boutique.
  6297 | D:7      | Found Oburrumas's Assorted Antiques.
  6364 | D:7      | Found a flagged portal.
  6383 | Bailey   | Entered a bailey
  6497 | Bailey   | Reached * piety under Cheibriados
  6645 | Bailey   | Reached XP level 10. HP: 46/64 MP: 11/11
  6932 | D:7      | Found a runed translucent door.
  6933 | D:7      | Noticed Crazy Yiuf
  6940 | D:7      | Killed Crazy Yiuf
  7032 | D:7      | Found Erhoqo Miel's Assorted Antiques.
  7126 | D:7      | Reached skill level 10 in Maces & Flails
  7154 | D:7      | Found Wunuqo's Distillery.
  7187 | D:7      | Bought a glowing silvery potion for 20 gold pieces
  7187 | D:7      | Bought a fuming blue potion for 20 gold pieces
  7210 | D:7      | Found a staircase to the Ecumenical Temple.
  7240 | D:7      | Found Ufrol's Magic Scroll Boutique.
  7245 | D:7      | Bought a scroll of enchant armour for 105 gold pieces
  7245 | D:7      | Bought a scroll of fog for 28 gold pieces
  7427 | D:8      | Reached skill level 5 in Shields
  7498 | D:8      | Found a hide-covered altar of Uskayaw.
  7599 | D:8      | Reached skill level 9 in Fighting
  7605 | D:8      | Reached ** piety under Cheibriados
  7983 | D:8      | Found a shimmering blue altar of Sif Muna.
  8056 | D:8      | Noticed a manticore
  8064 | D:8      | Killed a manticore
  8064 | D:8      | Reached skill level 5 in Invocations
  8086 | D:8      | Found Xyasaule's Gadget Boutique.
  8104 | D:8      | Reached *** piety under Cheibriados
  8184 | D:8      | Found a stormy altar of Qazlal.
  8184 | D:8      | Found an iron altar of Okawaru.
  8413 | D:9      | Reached XP level 11. HP: 49/72 MP: 13/15
  8869 | D:9      | Found Nupum's Distillery.
  9004 | D:6      | Bought an uncursed amulet of regeneration for 360 gold
                  | pieces
  9101 | D:9      | Found a staircase to the Orcish Mines.
  9105 | D:9      | Reached **** piety under Cheibriados
  9127 | D:9      | Reached skill level 10 in Fighting
  9400 | D:9      | Found a burning altar of Makhleb.
  9489 | D:10     | Entered Level 10 of the Dungeon
  9555 | D:10     | Found a staircase to the Lair.
  9823 | D:10     | Reached ***** piety under Cheibriados
 10213 | D:11     | Reached skill level 1 in Dodging
 10276 | D:11     | Noticed Maurice
 10285 | D:11     | Killed Maurice
 10350 | D:11     | Noticed a two-headed ogre
 10363 | D:11     | Killed a two-headed ogre
 10381 | D:11     | Reached XP level 12. HP: 71/78 MP: 17/17
 10400 | D:11     | Reached skill level 5 in Dodging
 10475 | D:11     | Noticed a two-headed ogre
 10480 | D:11     | Killed a two-headed ogre
 10500 | D:11     | Reached ****** piety under Cheibriados
 10522 | D:11     | Noticed a four-headed hydra
 10528 | D:11     | Killed a four-headed hydra
 10604 | D:11     | Noticed a two-headed ogre
 10609 | D:11     | Killed a two-headed ogre
 10725 | D:11     | Noticed a tengu warrior
 10734 | D:11     | Killed a tengu warrior
 11266 | D:12     | Found a shadowy altar of Dithmenos.
 11411 | D:12     | Noticed a two-headed ogre
 11418 | D:12     | Killed a two-headed ogre
 11418 | D:12     | Reached skill level 11 in Fighting
 11687 | D:12     | Reached XP level 13. HP: 70/84 MP: 19/19
 11687 | D:12     | Noticed a storm dragon
 11700 | D:12     | Identified the cursed ring "Qem Wel" {Str-4 Int+6}
 11700 | D:12     | Noticed a frost giant
 11704 | D:12     | Killed a storm dragon
 12147 | Lair:1   | Entered Level 1 of the Lair of Beasts
 12238 | Lair:1   | Reached skill level 12 in Fighting
 12298 | Lair:1   | Noticed Fannar
 12309 | Lair:1   | Killed Fannar
 12743 | Lair:1   | Found a runed translucent gate.
 12743 | Lair:1   | Found a runed translucent gate.
 12743 | Lair:1   | Found a runed translucent gate.
 12743 | Lair:1   | Noticed Zequfot's ghost (journeyman DESu)
 12743 | Lair:1   | Noticed Zequfot's ghost (journeyman DESu)
 12743 | Lair:1   | Noticed Keong's ghost (journeyman MfGl)
 12743 | Lair:1   | Noticed Lidevat's ghost (journeyman GnWn)
 12743 | Lair:1   | Noticed Sickboy's ghost (journeyman MiFi)
 12936 | Lair:2   | Noticed Urug
 12949 | Lair:2   | Killed Urug
 12949 | Lair:2   | Reached skill level 10 in Armour
 12977 | Lair:2   | Found a gate leading to a gauntlet.
 12986 | Gauntlet | Entered a Gauntlet
 12986 | Gauntlet | Found a transporter.
 12986 | Gauntlet | Found a runed translucent door.
 12987 | Gauntlet | Found a runed translucent door.
 12993 | Gauntlet | Found a transporter.
 12993 | Gauntlet | Noticed a death ooze
 12998 | Gauntlet | Killed a death ooze
 12999 | Gauntlet | Found a transporter.
 13009 | Gauntlet | Found a transporter.
 13038 | Gauntlet | Found a transporter.
 13038 | Gauntlet | Found a transporter.
 13060 | Gauntlet | Found a transporter.
 13084 | Gauntlet | Found a transporter.
 13110 | Gauntlet | Found a transporter.
 13123 | Gauntlet | Got a transparent cloak
 13129 | Gauntlet | Identified the +0 cloak "Yschepn" {rC+ MP+9 Slay+3} (You
                  | found it in a Gauntlet)
 13177 | Gauntlet | Noticed a minotaur
 13187 | Gauntlet | Killed a minotaur
 13247 | Lair:2   | Noticed Gastronok
 13259 | Lair:2   | Killed Gastronok
 13259 | Lair:2   | Reached skill level 10 in Invocations
 13327 | Lair:2   | Noticed Sonja
 13335 | Lair:2   | Killed Sonja
 13582 | Lair:2   | Reached skill level 1 in Throwing
 13582 | Lair:2   | Reached skill level 1 in Evocations
 13922 | Lair:3   | Gained mutation: Your large and strong wings let you fly
                  | indefinitely. [Gargoyle growth]
 13922 | Lair:3   | Reached XP level 14. HP: 54/92 MP: 21/21
 14052 | Lair:3   | Found a staircase to the Swamp.
 14127 | Lair:3   | Found a hole to the Spider Nest.
 14914 | Lair:4   | Found a dark tunnel.
 14926 | Volcano  | Entered a volcano
 14982 | Volcano  | Reached skill level 10 in Shields
 14982 | Volcano  | Reached XP level 15. HP: 97/97 MP: 23/23
 15853 | Lair:4   | Got a twisted ring mail
 15864 | Lair:4   | Identified the +3 ring mail of Pouzuax {-Tele rCorr Dex+3}
                  | (You found it on level 4 of the Lair of Beasts)
 15978 | Lair:1   | Killed Keong's ghost
 15981 | Lair:1   | Killed Zequfot's ghost
 15990 | Lair:1   | Killed Lidevat's ghost
 15993 | Lair:1   | Killed Zequfot's ghost
 16021 | Lair:1   | Killed Sickboy's ghost
 16046 | Lair:1   | Got a translucent bone ring
 16048 | Lair:1   | Identified the ring of Emahi {Ice MR+ MP-9 Dex+4 Slay+2}
                  | (You found it on level 1 of the Lair of Beasts)
 16219 | Lair:5   | Reached skill level 5 in Throwing
 16228 | Lair:5   | Reached skill level 5 in Evocations
 16968 | Lair:6   | Entered Level 6 of the Lair of Beasts
 17307 | Lair:6   | Reached XP level 16. HP: 52/103 MP: 25/25
 17591 | Lair:6   | Reached skill level 13 in Fighting
 18035 | Lair:6   | Found a staircase to the Slime Pits.
 18382 | Spider:1 | Entered Level 1 of the Spider Nest
 18609 | Spider:1 | Noticed Rupert
 18624 | Spider:1 | Killed Rupert
 18913 | Spider:1 | Noticed Asterion
 18919 | Spider:1 | Noticed an Executioner
 18931 | Spider:1 | Killed Asterion
 19534 | Spider:2 | Noticed Arachne
 19542 | Spider:2 | Noticed Aizul
 19567 | Spider:1 | Killed Arachne
 19567 | Spider:1 | Reached skill level 14 in Fighting
 19606 | Spider:1 | Reached XP level 17. HP: 48/111 MP: 27/27
 19721 | Spider:2 | Killed Aizul
 20350 | Spider:2 | Learned a level 1 spell: Apportation
 20543 | Spider:3 | Reached skill level 1 in Translocations
 20703 | Spider:3 | Found a runed translucent door.
 20703 | Spider:3 | Noticed Ifonepuh's ghost (adept GrCj)
 20769 | Spider:3 | Killed Ifonepuh's ghost
 21406 | Spider:4 | Entered Level 4 of the Spider Nest
 21731 | Spider:4 | Noticed Kirke
 21748 | Spider:4 | Killed Kirke
 21751 | Spider:4 | Noticed Bai Suzhen
 21773 | Spider:4 | Killed Bai Suzhen
 21941 | Spider:4 | Reached skill level 15 in Fighting
 21978 | Spider:4 | Reached skill level 15 in Invocations
 22077 | Spider:4 | Reached XP level 18. HP: 113/119 MP: 29/29
 22421 | Spider:4 | Got a gossamer rune of Zot
 23053 | Orc:1    | Entered Level 1 of the Orcish Mines
 23625 | Orc:2    | Entered Level 2 of the Orcish Mines
 23627 | Orc:2    | Found Yrho's Magic Scroll Shop.
 23653 | Orc:2    | Noticed Snorg
 23684 | Orc:1    | Killed Snorg
 23719 | Orc:2    | Noticed Saint Roka
 23803 | Orc:1    | Killed Saint Roka
 23877 | Orc:2    | Noticed Nessos
 23885 | Orc:2    | Killed Nessos
 23933 | Orc:2    | Bought a scroll of holy word for 135 gold pieces
 23933 | Orc:2    | Bought a scroll of holy word for 135 gold pieces
 23933 | Orc:2    | Bought a scroll of blinking for 135 gold pieces
 23978 | Orc:2    | Found a roughly hewn altar of Beogh.
 23982 | Orc:2    | Found Doost's Antique Weapon Boutique.
 24032 | Orc:2    | Found a staircase to the Elven Halls.
 24037 | Orc:2    | Noticed Donald
 24050 | Orc:2    | Killed Donald
 24125 | Orc:2    | Found Bisib's Armour Emporium.
 24133 | Orc:2    | Bought the +1 pair of boots of Hahius {Str+4 Dex+2} for 465
                  | gold pieces
 24404 | Orc:2    | Found Oloxif's General Store.
 24440 | Orc:2    | Found Jyupi's Jewellery Boutique.
 24454 | Orc:2    | Found Zubeukuf's Antique Armour Boutique.
 24707 | Swamp:1  | Entered Level 1 of the Swamp
 24778 | Swamp:1  | Reached skill level 16 in Fighting
 25170 | Swamp:1  | Identified the cursed +0 chain mail of Pleasant Breezes
                  | {Int+3} (You found it on level 1 of the Swamp)
 25534 | Swamp:2  | Noticed Jorgrun
 25542 | Swamp:2  | Killed Jorgrun
 25547 | Swamp:2  | Reached skill level 17 in Fighting
 25859 | Swamp:2  | Reached XP level 19. HP: 80/128 MP: 30/30
 27052 | Swamp:4  | Entered Level 4 of the Swamp
 27372 | Swamp:4  | Reached skill level 15 in Maces & Flails
 27393 | Swamp:4  | Reached skill level 18 in Fighting
 27828 | Swamp:4  | Found a blossoming altar of Fedhas.
 28001 | Swamp:4  | Found a basalt altar of Yredelemnul.
 28013 | Swamp:4  | Got a decaying rune of Zot
 28853 | D:12     | Identified the +3 mace "Zihium" {vorpal, Str+7} (You found
                  | it on level 12 of the Dungeon)
 29713 | D:13     | Found a gate to the Vaults.
 30332 | D:14     | Reached XP level 20. HP: 136/136 MP: 32/32
 30703 | D:14     | You are sucked into a shaft and drop 1 floor!
 30703 | D:15     | Entered Level 15 of the Dungeon
 30903 | D:15     | Paralysed by a floating eye for 2 turns
 30971 | D:14     | Identified a scroll of acquirement
 30975 | D:14     | Got the ring "Jaazueze" {rC+ Str+6}
 31601 | D:15     | Found a staircase to the Depths.
 31829 | Depths:1 | Entered Level 1 of the Depths
 32150 | Depths:1 | Found Nulocoano's Island Escapes.
 32155 | Depths:1 | Found a gateway to a ziggurat.
 32160 | Depths:1 | Bought a scroll of teleportation for 39 gold pieces
 32160 | Depths:1 | Bought a scroll of blinking for 97 gold pieces
 32160 | Depths:1 | Bought a scroll of fog for 26 gold pieces
 32495 | Depths:1 | Found a gateway to Hell.
 32963 | Depths:2 | Noticed a juggernaut
 32982 | Depths:2 | Killed a juggernaut
 32998 | Depths:2 | Reached XP level 21. HP: 141/141 MP: 34/34
 33343 | Depths:2 | Noticed a golden dragon
 33348 | Depths:2 | Killed a golden dragon
 33652 | Depths:3 | Found a one-way gate leading to the halls of Pandemonium.
 33794 | Depths:3 | Noticed Margery
 33804 | Depths:3 | Killed Margery
 34093 | Depths:3 | Found a shimmering altar of Xom.
 34258 | Depths:3 | Found a runed translucent door.
 34258 | Depths:3 | Identified the +4 mace "Kyec Foluda" {antimagic, rPois
                  | Dex+3 Stlth+}
 34258 | Depths:3 | Identified the ring of the Queen {+Fly rPois rC++ Int-3
                  | Dex+3}
 34258 | Depths:3 | Noticed a caustic shrike
 34271 | Depths:3 | Killed a caustic shrike
 34280 | Depths:3 | Paralysed by a lich for 5 turns
 34870 | Depths:3 | Found a runed translucent gate.
 34872 | Depths:3 | Found a runed translucent gate.
 34872 | Depths:3 | Found a runed translucent gate.
 34873 | Depths:3 | Found an opulent altar of Gozag.
 34874 | Depths:3 | Noticed Icvuix's ghost (master KoEn)
 34903 | Depths:3 | Killed Icvuix's ghost
 35221 | Vaults:1 | Entered Level 1 of the Vaults
 35305 | Vaults:1 | Reached XP level 22. HP: 127/147 MP: 30/35
 35860 | Vaults:1 | Learned a level 3 spell: Lesser Beckoning
 35926 | Vaults:1 | Found Roariusk's Antique Armour Shoppe.
 35931 | Vaults:1 | Bought a masterwork plate armour for 868 gold pieces
 35931 | Vaults:1 | Bought a pair of runed boots for 232 gold pieces
 35931 | Vaults:1 | Identified the cursed +0 plate armour "Zate" {rC++ Str+4
                  | Dex+6} (You bought it in a shop on level 1 of the Vaults)
 36161 | Vaults:1 | Reached skill level 5 in Translocations
 37087 | Vaults:2 | Cast into level 3 of the Abyss (a deep elf sorcerer)
 37296 | Abyss:3  | Found a hazy altar of Hepliaklqana.
 37422 | Vaults:2 | Escaped the Abyss
 37544 | Vaults:2 | Reached skill level 10 in Translocations
 37799 | Vaults:2 | Reached XP level 23. HP: 139/152 MP: 33/36
 38217 | Vaults:2 | Found Tuhyse's Antique Weapon Emporium.
 39360 | Vaults:3 | Found Joenuroe's Jewellery Boutique.
 39521 | Vaults:3 | Found a staircase to the Crypt.
 39669 | Vaults:3 | Reached skill level 10 in Dodging
 39794 | Vaults:3 | Identified Lofas's Papyrus of Supportive Cold
 39823 | Vaults:3 | Reached skill level 19 in Fighting
 40628 | Vaults:4 | Noticed Boris
 40636 | Vaults:4 | Killed Boris
 40699 | Vaults:4 | Reached XP level 24. HP: 154/160 MP: 36/36
 42084 | Vaults:5 | Entered Level 5 of the Vaults
 42092 | Vaults:5 | Reached skill level 20 in Fighting
 42184 | Vaults:4 | Upgraded the game from 0.26-a0-67-g850bfe61e3 to
                  | 0.26-a0-84-g8c18429211
 42761 | Vaults:5 | Reached XP level 25. HP: 169/169 MP: 36/36
 42762 | Vaults:5 | Identified the +2 robe of Uzeunon {Dex+5}
 43024 | Vaults:5 | Noticed an ancient lich
 43028 | Vaults:5 | Cast into level 5 of the Abyss (an ancient lich)
 43028 | Abyss:5  | Entered Level 5 of the Abyss
 43102 | Vaults:5 | Escaped the Abyss
 43344 | Vaults:5 | Killed an ancient lich
 43344 | Vaults:5 | Reached skill level 21 in Fighting
 43344 | Vaults:5 | Reached skill level 15 in Shields
 43550 | Vaults:5 | Found Pat Wer's General Store.
 43566 | Vaults:5 | Bought a potion of mutation for 128 gold pieces
 43566 | Vaults:5 | Bought a potion of curing for 48 gold pieces
 43566 | Vaults:5 | Bought a potion of curing for 48 gold pieces
 43566 | Vaults:5 | Bought a potion of cancellation for 128 gold pieces
 43578 | Vaults:5 | Got a silver rune of Zot
 43997 | Vaults:5 | Identified the +10 chain mail "Wurph" {Int+5} (You found it
                  | on level 5 of the Vaults)
 44065 | Vaults:5 | Identified the cursed +1 chain mail "Miujoep" {Str+3} (You
                  | found it on level 5 of the Vaults)
 44108 | Vaults:5 | Got a vibrating wooden ring
 44109 | Vaults:5 | Identified the ring of the City {rPois SInv} (You found it
                  | on level 5 of the Vaults)
 44115 | Vaults:5 | Got a shimmering granite ring
 44116 | Vaults:5 | Identified the ring "Tofutemafo" {*Tele rF+ Int+3 Slay+3
                  | SInv} (You found it on level 5 of the Vaults)
 44415 | Vaults:5 | Identified the +2 hand crossbow of the Warrior {elec,
                  | Str+6}
 44530 | Vaults:5 | Identified the +4 whip of the Girdle {drain, rElec rPois
                  | SInv Stlth-} (You found it on level 5 of the Vaults)
 45004 | Elf:1    | Entered Level 1 of the Elven Halls
 45072 | Elf:1    | Found a magical portal.
 45085 | WizLab   | Entered The Roulette of Golubria
 45085 | WizLab   | Found a transporter.
 45094 | WizLab   | Found a corrupted altar of Lugonu.
 45111 | WizLab   | Found a transporter.
 45112 | WizLab   | Found the +1 cloak of Starlight {rElec rC+ EV+4 Stlth--}
 45203 | WizLab   | Found a transporter.
 45240 | WizLab   | Found a transporter.
 45265 | WizLab   | Found a transporter.
 45349 | WizLab   | Found a transporter.
 45397 | WizLab   | Found a transporter.
 45397 | WizLab   | Found a transporter.
 45449 | WizLab   | Found a transporter.
 45495 | WizLab   | Identified the +0 cloak "Hero's Friend" {rN+ Int+3 Dex+7}
                  | (You found it in a wizard's laboratory)
 45508 | WizLab   | Identified the Papyrus of Displacement
 45529 | WizLab   | Found a transporter.
 45547 | WizLab   | Found a transporter.
 45547 | WizLab   | Found a transporter.
 45557 | WizLab   | Reached skill level 22 in Fighting
 45575 | WizLab   | Found a transporter.
 45575 | WizLab   | Found a transporter.
 45620 | WizLab   | Found a transporter.
 45620 | WizLab   | Found a transporter.
 45663 | WizLab   | Found a transporter.
 45663 | WizLab   | Found a transporter.
 45721 | WizLab   | Found a transporter.
 45721 | WizLab   | Found a transporter.
 46393 | Elf:1    | Found Jaixes's Antique Armour Boutique.
 46782 | Elf:2    | Reached XP level 26. HP: 180/180 MP: 36/36
 46849 | Elf:2    | Found Ketoin's Magic Scroll Boutique.
 46872 | Elf:2    | Bought a scroll of acquirement for 988 gold pieces
 46872 | Elf:2    | Bought a scroll of blinking for 142 gold pieces
 46872 | Elf:2    | Bought a scroll of holy word for 142 gold pieces
 46872 | Elf:2    | Bought a scroll of identify for 38 gold pieces
 46872 | Elf:2    | Bought a scroll of identify for 38 gold pieces
 46872 | Elf:2    | Bought a scroll of identify for 38 gold pieces
 46872 | Elf:2    | Bought a scroll of blinking for 142 gold pieces
 46874 | Elf:2    | Got the ring "Tyeckon" {+Blink rC+ MP+9 Dex+4 Stlth+}
 46975 | Elf:2    | Found a huge runed translucent gate.
 46975 | Elf:2    | Found a huge runed translucent gate.
 46980 | Elf:2    | Found a huge runed translucent gate.
 46981 | Elf:2    | Found a huge runed translucent gate.
 46981 | Elf:2    | Found a huge runed translucent gate.
 47076 | Elf:2    | Reached skill level 1 in Stealth
 47715 | Elf:3    | Entered Level 3 of the Elven Halls
 48111 | Elf:3    | Reached skill level 5 in Stealth
 48342 | Elf:3    | Identified the +11 battleaxe of Resourcefulness {vorpal,
                  | rN++}
 48579 | Elf:3    | Found the +12 Vampire's Tooth {vamp}
 48581 | Elf:3    | Found the +8 mithril axe "Arga" {speed, MR+}
 48668 | Elf:3    | Identified Duvvull's Incunabulum of the Toxic Frostbite
 49465 | Depths:4 | Noticed Boris
 49500 | Depths:4 | Killed Boris
 49804 | Depths:4 | Found a shattered altar of Ashenzari.
 49964 | Depths:4 | Found a one-way gate to the infinite horrors of the Abyss.
 50070 | Depths:4 | Found Kisugu's Book Shoppe.
 50175 | Depths:4 | Noticed the Enchantress
 50200 | Depths:4 | Killed the Enchantress
 50461 | Depths:4 | Reached XP level 27. HP: 171/184 MP: 36/36
 50644 | Depths:5 | Entered Level 5 of the Depths
 50671 | Depths:5 | Reached skill level 10 in Stealth
 51199 | Depths:5 | Reached skill level 10 in Throwing
 51426 | Depths:5 | Found a gate to the Realm of Zot.
 51585 | Zig:1    | Entered Level 1 of a ziggurat
 51649 | Zig:2    | Entered Level 2 of a ziggurat
 51677 | Zig:2    | Got a serpentine brass ring
 51678 | Zig:2    | Identified the ring "Dah Zober" {Fire rPois Str+4} (You
                  | found it on level 2 of a ziggurat)
 51685 | Zig:3    | Entered Level 3 of a ziggurat
 51688 | Zig:3    | Noticed a juggernaut
 51701 | Zig:3    | Killed a juggernaut
 51728 | Zig:4    | Entered Level 4 of a ziggurat
 51770 | Zig:4    | Identified the cursed +1 chain mail of Iricuoh {rF+} (You
                  | found it on level 4 of a ziggurat)
 51774 | Zig:5    | Entered Level 5 of a ziggurat
 51828 | Zig:5    | Identified the +17 plate armour of the Eternal Fruit {Harm
                  | MR+ Str-2 Int+2} (You found it on level 5 of a ziggurat)
 51841 | Zig:6    | Entered Level 6 of a ziggurat
 51922 | Zig:7    | Entered Level 7 of a ziggurat
 51987 | Zig:8    | Entered Level 8 of a ziggurat
 52080 | Zig:9    | Entered Level 9 of a ziggurat
 52342 | Zig:10   | Entered Level 10 of a ziggurat
 52531 | Zig:11   | Entered Level 11 of a ziggurat
 52569 | Zig:11   | Noticed a juggernaut
 52571 | Zig:11   | Noticed a juggernaut
 52571 | Zig:11   | Noticed a juggernaut
 52586 | Zig:11   | Killed a juggernaut
 52599 | Zig:11   | Killed a juggernaut
 52611 | Zig:11   | Killed a juggernaut
 52662 | Zig:11   | Found the +3 giant club "Skullcrusher" {speed, Str+7}
 52721 | Zig:12   | Entered Level 12 of a ziggurat
 52728 | Zig:12   | Noticed Atzaabyo the pandemonium lord
 53028 | Zot:1    | Entered Level 1 of the Realm of Zot
 53478 | Zot:1    | Reached skill level 23 in Fighting
 54465 | Zot:2    | Reached skill level 24 in Fighting
 55256 | Zot:3    | Reached skill level 25 in Fighting
 55321 | Zot:3    | You are sucked into a shaft and drop 1 floor!
 55984 | Zot:4    | Noticed an orb of fire
 56000 | Zot:4    | Gained mutation: You are occasionally teleported next to
                  | monsters. [an orb of fire]
 56006 | Zot:4    | Killed an orb of fire
 56139 | Zot:4    | Reached skill level 26 in Fighting
 56553 | Zot:5    | Entered Level 5 of the Realm of Zot
 56913 | Zot:5    | Got a glittering golden ring
 56932 | Zot:5    | Identified the ring "Ummahumo" {+Inv rC+ Str+4} (You found
                  | it on level 5 of the Realm of Zot)
 57082 | Zot:5    | Reached skill level 27 in Fighting
 57084 | Zot:5    | Reached skill level 1 in Unarmed Combat
 57475 | Zot:5    | Reached skill level 5 in Unarmed Combat
 57612 | Zot:5    | Noticed an ancient lich
 57614 | Zot:5    | Noticed an orb of fire
 57618 | Zot:5    | Noticed an ancient lich
 57620 | Zot:5    | Gained mutation: You are dopey. (Int -2) [an orb of fire]
 57622 | Zot:5    | Killed an orb of fire
 57629 | Zot:5    | Noticed an ancient lich
 57630 | Zot:5    | HP: 5/199 [Orb Guardian (13)]
 57631 | Zot:5    | Mangled by an Orb Guardian

Illustrated notes

Levels and vault maps discovered:
D:1:      dpeg_arrival_tiny_g, layout_loops_ring
D:2:      layout_rooms, serial_corexii_hall, corexii_hall_statues_l,
          corexii_hall_statues_i, corexii_hall_statues_i,
          chequers_hall_statues_y, nemelex_altar_shiori
D:3:      layout_loops_ring, old_standard_altar, portal_sewer_entry_d,
          chequers_serial_rivers_small_b
D:4:      layout_basic, lemuel_crystal_altar, first_ration, lemuel_statue_altar,
          uniq_duvessa, uniq_sigmund
D:5:      layout_rooms, basic_altar
D:6:      layout_loops_ring, cheibrodos_worm_habitat, serial_shops, shop,
          nicolae_shop_window_shopping, shop_fountains, basic_altar
D:7:      layout_cave_pools, minmay_temple_entry_offerings, serial_shops,
          nicolae_shop_crystal, nicolae_shop_window_shopping,
          kennysheep_little_box, shop, enter_bailey_3, uniq_crazy_yiuf_cottage
D:8:      layout_cave_pools, nicolae_overflow_crystal_walls,
          amethyst_overflow_temple_binary, kennysheep_mini_moat, serial_shops,
          shop_statue, david_nohive_1
D:9:      layout_small_grid, erik_orc_4, serial_shops, shop,
          david_defended_altar_orc
D:10:     layout_basic, lair_entry_dummy, nicolae_looking_at_the_future
D:11:     minmay_imperfect_grid, layout_loops_corners, uniq_maurice
D:12:     minmay_complete_graph, layout_cave_pools,
          grunt_dithmenos_smoke_and_mirrors
D:13:     layout_basic, grunt_vaults_entry_tiered
D:14:     layout_roguey, serial_bayou_shore_b, minivault_27, minivault_5
D:15:     grunt_enter_depths_magical_seal, layout_irregular_city,
          skrybe_limestone_x
Lair:1:   layout_regular_city, gammafunk_ghost_cemetery,
          chequers_serial_rivers_small_3, serial_bayou_pond_b,
          grunt_forest_stairs_basic, uniq_fannar
Lair:2:   layout_layer_cave, gauntlet_entry_generic, uniq_gastronok, uniq_urug,
          uniq_sonja
Lair:3:   layout_long_grid, minmay_swamp_entry_wisps,
          nicolae_spider_entry_non_spiders, chequers_serial_rivers_large_a,
          roderic_carrion_pond, lemuel_fruit_fields, infiniplex_staircase_pool,
          grunt_megastairs_3
Lair:4:   layout_gridlike, nicolae_volcano_entry_batcave, fungi_pond_lemuel,
          nicolae_lair_grove_arrangements, st_stairs_8, grunt_megastairs_5
Lair:5:   layout_gridlike, beast_lair_carwin_4, lemuel_fruit_tree
Lair:6:   hangedman_lair_tendril_chambers, layout_cave_pods,
          nicolae_slime_entry_slimehenge
Swamp:1:  layout_basic_swamp, hangedman_swamp_ruin_wall,
          infiniplex_staircase_pool_2
Swamp:2:  layout_basic_swamp, evilmike_swamp_ruin_house_2, swamp_pool1,
          uniq_jorgrun
Swamp:3:  layout_falls_marsh, evilmike_swamp_ruin_house_6
Swamp:4:  byrel_swamp_growth_death_and_undeath, layout_basic_swamp
Spider:1: layout_spider_delve, uniq_rupert, uniq_asterion
Spider:2: layout_spider_delve, spiders_nest_spider_trap, uniq_arachne,
          uniq_aizul
Spider:3: layout_spider_delve, gammafunk_ghost_grave, spiders_nest_hornet_nest
Spider:4: grunt_spider_rune_circles, uniq_bai_suzhen, uniq_kirke
Orc:1:    layout_caves, mines2_lemuel
Orc:2:    grunt_orc_cross, layout_caves, serial_shops, shop,
          nicolae_shop_statue_plus, mines4_lemuel, uniq_nessos, uniq_snorg,
          uniq_donald
Elf:1:    eino_elf_arrival_the_gate, layout_onion_city,
          infiniplex_enter_wizlab_water, serial_shops, shop
Elf:2:    layout_geoelf_grid, serial_shops, shop_statue
Elf:3:    grunt_elf_hall_asides, layout_gridlike, st_stairs_12,
          grunt_ministairs_14, minmay_misc_feat_alley
Vaults:1: st_quartered_hall, nicolae_vaults_network_barrier,
          vaults_mumra_hexcomb, v_misc_12, ontoclasm_vaults_shuriken, v_misc_33,
          vaults_mumra_chevron, vaults_mumra_minichess,
          nicolae_vaults_little_squares_2, vaults_dpeg_cross, serial_ice_m,
          ontoclasm_vaults_misaligned, grunt_vaults_funnel,
          layout_vaults_omnibox, serial_shops, shop
Vaults:2: vaults_room_ringed_pool, nicolae_vaults_theta, v_misc_13,
          vaults_room_corners, nicolae_vaults_little_squares_6,
          vaults_dpeg_ring, ontoclasm_vaults_gateway, ontoclasm_vaults_ligature,
          nicolae_vaults_specimen_jars, dpeg_vaults_monster_box,
          vaults_standard_mumra_x, ontoclasm_vaults_eye, hangedman_vaults_trim,
          layout_vaults_omnicross, serial_shops, nicolae_shop_trees
Vaults:3: hangedman_vaults_corner_blocks, st_greater_box_2, v_misc_17,
          v_rooms_1, hangedman_vaults_impose, nicolae_vaults_yaktaur_gun_rack,
          ontoclasm_vaults_idyll, layout_vaults_chaotic_city, dummy_crypt_entry,
          serial_shops, shop
Vaults:4: hangedman_vaults_corner_blocks, v_misc_3,
          nicolae_vaults_diagonal_hallway_9, vaults_mumra_minichess_inversion,
          vaults_room_door_ring, v_alt_pattern_4, vaults_room_door_hall,
          v_pattern_1, v_misc_12, nicolae_vaults_border_crossing,
          ontoclasm_vaults_ring_large, layout_vaults_quadrants, uniq_boris
Vaults:5
Depths:1: layout_roguey, enter_ziggurat_a, grunt_mini_vestibule,
          nicolae_island_escapes
Depths:2: minmay_the_grid_3x3 [minmay_the_grid_mess,
          minmay_the_grid_stretched_grid, minmay_the_grid_minigrid_small_alt,
          minmay_the_grid_expand, minmay_the_grid_armoury,
          minmay_the_grid_rooms, minmay_the_grid_dragon_a,
          minmay_the_grid_zigzag_pyramid, minmay_the_grid_prize_trominoes],
          layout_cave_shapes, hell_entry
Depths:3: minmay_gate_of_8, layout_gridlike, ebering_ghost_gozag, hell_entry,
          basic_altar, pan_entry, uniq_margery
Depths:4: minmay_box_of_statues, layout_long_grid, hex_medium,
          marbit_kobold_abyss_entry, pf_coc_iceberg, serial_shops,
          nicolae_shop_competitors_out_of_business, evilmike_ruin_ashenzari,
          infiniplex_staircase_diamond, serial_bayou_shore_a, uniq_enchantress
Depths:5: grunt_zot_entry_alcove, layout_cave_shapes, abyss_entry, hell_entry,
          bh_walls_and_bars, serial_bayou_shore_b
Zot:1:    layout_cellular_growth
Zot:2:    layout_misc_corridors
Zot:3:    layout_misc_corridors
Zot:4:    layout_misc_corridors, st_stairs_1
Zot:5:    layout_basic, st_stairs_13, hangedman_zot_decor_checkerboard,
          grunt_ministairs_11

Skill      XL: |  1  2  3  4  5  6  7  8  9 10 11 12 13 14 15 16 17 18 19 20 21 22 23 24 25 26 27 |
---------------+----------------------------------------------------------------------------------+-----
Maces & Flails | 3 4 5 6 8 9 10 11 13 14 16 18 20 21 23 | 23.2
Fighting       | 4 5 7 8 9 10 11 12 14 15 17 18 19 20 22 27 | 27.0
Armour         | 4 5 7 8 10 11 12 14 | 14.1
Invocations    | 2 5 6 8 10 11 12 14 15 16 18 19 21 | 21.9
Shields        | 4 6 7 8 10 11 13 14 17 | 17.1
Dodging        | 4 7 9 10 11 | 11.5
Throwing       | 1 3 5 9 10 | 10.3
Evocations     | 1 3 5 |  5.1
Translocations | 4 10 12 | 12.0
Stealth        | 9 10 | 10.1
Unarmed Combat | 5 |  5.6

Action                   |  1- 3 |  4- 6 |  7- 9 | 10-12 | 13-15 | 16-18 | 19-21 | 22-24 | 25-27 || total
-------------------------+-------+-------+-------+-------+-------+-------+-------+-------+-------++-------
Melee: Flail             |   131 |   437 |   202 |       |       |       |       |       |       ||   770
       Morningstar       |       |       |   240 |   833 |   734 |  1697 |  1500 |  1499 |  2135 ||  8638
       Eveningstar       |       |       |       |       |       |       |       |       |   218 ||   218
Throw: Javelin           |       |       |       |       |       |       |    17 |    23 |    55 ||    95
 Cast: Apportation       |       |       |       |       |       |       |     1 |     3 |     7 ||    11
       Lesser Beckoning  |       |       |       |       |       |       |       |     2 |    16 ||    18
Invok: Slouch            |       |       |       |     2 |     3 |    10 |     5 |     7 |    15 ||    42
       Bend Time         |       |       |       |       |       |       |       |       |     1 ||     1
 Abil: Fly               |       |       |       |       |     1 |       |       |       |       ||     1
       Evoke Blink       |       |       |       |       |       |       |       |       |     6 ||     6
Evoke: Wand              |       |       |     7 |     1 |     1 |     9 |    23 |     2 |    25 ||    68
  Use: Scroll            |     5 |     5 |    11 |    11 |    12 |     9 |    14 |    15 |    41 ||   123
       Potion            |       |     1 |     7 |       |     3 |     6 |     4 |     2 |    10 ||    33
 Stab: Sleeping          |       |       |       |     3 |    15 |       |     3 |     1 |    16 ||    38
       Distracted        |       |       |       |       |     1 |     2 |     3 |     1 |     5 ||    12
       Invisible         |       |       |       |       |     7 |       |       |       |     2 ||     9
       Confused          |       |       |       |       |       |     5 |     7 |       |       ||    12
  Eat: Chunk             |       |     8 |    13 |    17 |     9 |    13 |    13 |    13 |    11 ||    97
       Ration            |       |       |       |     1 |     1 |     2 |     2 |     2 |     9 ||    17
Armor: Scale mail        |    86 |       |       |       |       |       |       |       |       ||    86
       Plate armour      |       |   381 |   364 |     1 |       |       |       |       |       ||   746
       Fire dragon scale |       |       |       |   495 |   260 |   782 |   556 |   406 |   781 ||  3280
Dodge: Dodged            |    69 |    88 |    93 |   251 |   388 |  1253 |   660 |   650 |  1306 ||  4758
Block: Kite shield       |    90 |   274 |   287 |     5 |       |       |       |       |       ||   656
       Tower shield      |       |       |       |  1105 |  1011 |  2797 |  1726 |  2026 |  3517 || 12182
       Reflection        |       |       |       |    23 |     3 |    13 |    65 |   161 |   216 ||   481

Table legend:
 A = Non-vault XP
 B = Vault XP
 C = Vault XP percentage of total XP
 D = Non-vault monster count
 E = Vault monster count
 F = Vault count percentage of total count
                 A         B        C        D         E       F
            +---------+---------+-------+---------+---------+-------
      Total |  987702 |  696341 |  41.3 |    1750 |     959 |  35.4
            +---------+---------+-------+---------+---------+-------
        D:1 |      37 |       0 |   0.0 |      25 |       0 |   0.0
        D:2 |      74 |       0 |   0.0 |      14 |       0 |   0.0
        D:3 |     121 |      13 |   9.7 |      30 |       1 |   3.2
        D:4 |     791 |     435 |  35.5 |      33 |       3 |   8.3
        D:5 |    1259 |       0 |   0.0 |      14 |       0 |   0.0
        D:6 |    1189 |       5 |   0.4 |      24 |       1 |   4.0
        D:7 |     847 |      49 |   5.5 |      16 |       5 |  23.8
        D:8 |    2515 |    1326 |  34.5 |      25 |      22 |  46.8
        D:9 |    1679 |     572 |  25.4 |      24 |      14 |  36.8
       D:10 |    2326 |     975 |  29.5 |      27 |      12 |  30.8
       D:11 |    3064 |    7622 |  71.3 |      19 |      32 |  62.7
       D:12 |    7561 |   13626 |  64.3 |      45 |      29 |  39.2
       D:13 |    1856 |    9253 |  83.3 |      20 |      25 |  55.6
       D:14 |   12480 |       0 |   0.0 |      39 |       0 |   0.0
       D:15 |   19394 |    3940 |  16.9 |      44 |       8 |  15.4
     Lair:1 |    1843 |    6457 |  77.8 |      11 |       9 |  45.0
     Lair:2 |    3082 |    3719 |  54.7 |       9 |       3 |  25.0
     Lair:3 |    9510 |    2005 |  17.4 |      32 |      19 |  37.3
     Lair:4 |    4818 |    1127 |  19.0 |      27 |       7 |  20.6
     Lair:5 |    2500 |    1779 |  41.6 |       9 |       6 |  40.0
     Lair:6 |   11180 |    9468 |  45.9 |      42 |      38 |  47.5
    Swamp:1 |   20114 |       0 |   0.0 |      60 |       0 |   0.0
    Swamp:2 |   13568 |    3023 |  18.2 |      33 |       1 |   2.9
    Swamp:3 |   11899 |       0 |   0.0 |      27 |       0 |   0.0
    Swamp:4 |   12858 |   26803 |  67.6 |      29 |      42 |  59.2
   Spider:1 |   28998 |    9456 |  24.6 |      81 |       3 |   3.6
   Spider:2 |   11238 |    5281 |  32.0 |      37 |      11 |  22.9
   Spider:3 |   10972 |    3440 |  23.9 |      26 |       9 |  25.7
   Spider:4 |   18299 |   33402 |  64.6 |      60 |      47 |  43.9
      Orc:1 |    3070 |    8377 |  73.2 |      29 |       5 |  14.7
      Orc:2 |    1729 |    8353 |  82.9 |      21 |      46 |  68.7
      Elf:1 |   24881 |    2253 |   8.3 |      40 |       4 |   9.1
      Elf:2 |   12172 |   27388 |  69.2 |      21 |      30 |  58.8
      Elf:3 |    9391 |   36395 |  79.5 |      16 |      32 |  66.7
   Vaults:1 |   32114 |   24496 |  43.3 |      44 |      37 |  45.7
   Vaults:2 |   65175 |   10649 |  14.0 |     120 |      15 |  11.1
   Vaults:3 |   31057 |   47459 |  60.4 |      41 |      40 |  49.4
   Vaults:4 |   45177 |   64442 |  58.8 |      72 |      68 |  48.6
   Vaults:5 |   16264 |  113832 |  87.5 |      29 |      82 |  73.9
   Depths:1 |   37865 |    2301 |   5.7 |      60 |       4 |   6.2
   Depths:2 |   13261 |   45747 |  77.5 |      17 |      32 |  65.3
   Depths:3 |   18554 |   40702 |  68.7 |      22 |      21 |  48.8
   Depths:4 |   35661 |   36078 |  50.3 |      33 |      32 |  49.2
   Depths:5 |   30906 |   22124 |  41.7 |      26 |      15 |  36.6
      Zot:1 |   41631 |       0 |   0.0 |      27 |       0 |   0.0
      Zot:2 |   55857 |       0 |   0.0 |      26 |       0 |   0.0
      Zot:3 |   54125 |       0 |   0.0 |      30 |       0 |   0.0
      Zot:4 |   61060 |    4399 |   6.7 |      26 |       3 |  10.3
      Zot:5 |   50639 |   27002 |  34.8 |      22 |      11 |  33.3
    Abyss:3 |   11233 |       0 |   0.0 |      16 |       0 |   0.0
    Abyss:4 |    4235 |    3362 |  44.3 |       7 |       8 |  53.3
    Abyss:5 |    3830 |    1674 |  30.4 |       5 |       6 |  54.5
      Zig:1 |    1648 |       0 |   0.0 |       1 |       0 |   0.0
      Zig:2 |    1870 |       0 |   0.0 |       3 |       0 |   0.0
      Zig:3 |    8432 |       0 |   0.0 |       4 |       0 |   0.0
      Zig:4 |    3425 |       0 |   0.0 |       5 |       0 |   0.0
      Zig:5 |    2678 |       0 |   0.0 |      13 |       0 |   0.0
      Zig:6 |   11566 |       0 |   0.0 |       8 |       0 |   0.0
      Zig:7 |    8978 |       0 |   0.0 |      10 |       0 |   0.0
      Zig:8 |   10957 |       0 |   0.0 |      13 |       0 |   0.0
      Zig:9 |   14994 |       0 |   0.0 |      11 |       0 |   0.0
     Zig:10 |   13579 |       0 |   0.0 |      11 |       0 |   0.0
     Zig:11 |   29076 |       0 |   0.0 |      33 |       0 |   0.0
     Zig:12 |    4540 |       0 |   0.0 |       6 |       0 |   0.0
      Sewer |       0 |     249 | 100.0 |       0 |      57 | 100.0
     Bailey |       0 |     405 | 100.0 |       0 |      12 | 100.0
    Volcano |       0 |    6198 | 100.0 |       0 |       7 | 100.0
     WizLab |       0 |   14357 | 100.0 |       0 |      36 | 100.0
   Gauntlet |       0 |    4323 | 100.0 |       0 |       9 | 100.0
            +---------+---------+-------+---------+---------+-------
